 Dungeon Crawl Stone Soup version 0.31-a0-177-g4aa6249778 (webtiles) character file.

Game seed: 9605701129770818138

966 qw the Skirmisher (level 8, -9/73 HPs)
             Began as a Naga Hunter on June 17, 2023.
             Was a Follower of Okawaru.
             Mangled by a two-headed ogre
             ... wielding a +0 dire flail
              (11 damage)
             ... on level 7 of the Dungeon.
             The game lasted 00:01:48 (5357 turns).

qw the Skirmisher (Naga Hunter)                     Turns: 5357, Time: 00:01:49

Health: -9/73      AC:  6    Str: 14    XL:     8   Next: 15%
Magic:  7/9        EV: 13    Int: 10    God:    Okawaru [*.....]
Gold:   329        SH:  0    Dex: 16    Spells: 7/7 levels left

rFire   + . .        Y - +0 orcbow
rCold   + . .        (shield currently unavailable)
rNeg    . . .        p - +0 robe {rC+ rF+}
rPois   +            (no helmet)
rElec   .            (no cloak)
rCorr   .            e - +1 pair of gloves
SInv    +            (no barding)
Will    +....        (no amulet)
Stlth   +++          (no ring)
HPRegen 0.32/turn    (no ring)
MPRegen 0.11/turn

%: no passive effects
@: short of breath, heroic, very slow
A: AC +2, large, see invisible, deformed body, poison resistance, slowness 2,
spit poison 1, naga tail 1
a: Spit Poison, Renounce Religion, Heroism


You were on level 7 of the Dungeon.
You worshipped Okawaru.
Okawaru was aware of your devotion.
You visited 2 branches of the dungeon, and saw 8 of its levels.

You collected 329 gold pieces.


Innate Abilities, Weirdness & Mutations

Your serpentine skin is tough. (AC +2)
You have supernaturally acute eyesight. (SInv)
Armour fits poorly on your strangely shaped body.
Your system is resistant to poisons. (rPois)
You cover ground very slowly.
You can spit poison.
You have a snake-like lower body.


   Skills:
 + Level 4.5(9.5) Fighting
 - Level 8.0(13.0) Ranged Weapons
 - Level 2.2(7.2) Dodging
 - Level 1.5(6.5) Stealth
 + Level 1.5 Invocations


You had 7 spell levels left.
You didn't know any spells.
Your spell library was empty.

Inventory:

Hand Weapons
 Y - a +0 orcbow (weapon)
Armour
 a - +0 steam dragon scales
 e - a +1 pair of gloves (worn)
 p - a +0 robe of resistance (worn)
Scrolls
 n - a scroll of identify
Potions
 b - a potion of mutation {unknown}
 d - a potion of berserk rage {unknown}
 f - a potion of magic {unknown}
 h - a potion of haste {unknown}
 i - a potion of resistance {unknown}
 j - a potion of might
 k - a potion of cancellation {unknown}
 m - a potion of curing
 o - a potion of attraction {unknown}

Dungeon Overview and Level Annotations

Branches:
Dungeon (7/15)             Temple (1/1) D:5

Altars:
Ashenzari
Cheibriados
Dithmenos
Elyvilon
Fedhas
Gozag
Hepliaklqana
Kikubaaqudgha
Nemelex Xobeh
Okawaru
Qazlal
Ru
Sif Muna
Trog
Uskayaw
Vehumet
Wu Jian
Xom
Yredelemnul
Zin
The Shining One


Message History

The two-headed ogre is moderately wounded.
You shoot an arrow.
The arrow hits the two-headed ogre but does no damage.
The two-headed ogre is moderately wounded.
The two-headed ogre hits you with a +0 dire flail!
The two-headed ogre hits you with a +0 giant club!
5350 ||| DRINKING 2 potions of heal wounds.
You feel much better.
The howler monkey hoots and howls with incredible vigour!
You hear a shout! x4; You hear an angry buzzing noise.
You hear a shout! x3
You shoot an arrow. The arrow hits the two-headed ogre!
The two-headed ogre is heavily wounded.
The two-headed ogre hits you with a +0 dire flail!
The two-headed ogre hits you with a +0 giant club!!
5352 ||| DRINKING potion of heal wounds.
You feel much better.
You have got your breath back.
The two-headed ogre hits you with a +0 dire flail.
The two-headed ogre barely misses you.
5353 ||| INVOKING Spit Poison.
Aiming: Spit Poison (1% risk of failure)
Press: ? - help, Shift-Dir - straight line, f/p - two-headed ogre The splash of poison hits the two-headed ogre.
The two-headed ogre is poisoned.
The two-headed ogre is heavily wounded.
You shoot an arrow. The arrow hits the two-headed ogre.
The two-headed ogre is severely wounded.
The two-headed ogre hits you with a +0 dire flail!!
The two-headed ogre closely misses you.
You shoot an arrow. The arrow hits the two-headed ogre.
The two-headed ogre is severely wounded.
You shoot an arrow.
The arrow hits the two-headed ogre but does no damage.
The two-headed ogre is severely wounded.
The two-headed ogre closely misses you. x2
You shoot an arrow.
The arrow hits the two-headed ogre but does no damage.
The two-headed ogre is severely wounded.
The two-headed ogre hits you with a +0 dire flail!
You die...

....#.#..###.###..#
........##).##
.......##.###
########.###
#.##.####
##.#.#..##
#.##.##.#
##..#.#.##
####.##@# ###O#
#h## .s# #e## .. #o


5 You could see a two-headed ogre (poisoned), a scorpion and a howler monkey.

Vanquished Creatures
  A steam dragon (D:6)
  A sky beast (D:7)
  Blork the orc (D:6)
  5 scorpions
  2 howler monkeys
  2 hounds
  2 iguanas
  2 orc wizards
  6 adders
  A shadow imp (D:7)
  An ufetubus (D:7)
  A worm (D:5)
  3 dart slugs
  5 orcs
  5 endoplasms
  3 giant cockroaches
  8 goblins
  A hobgoblin (D:1)
  3 jackals (D:4)
  4 quokkas
  8 ball pythons
  3 bats
  4 frilled lizards
  6 kobolds
  7 rats
85 creatures vanquished.

Notes
Turn   | Place    | Note
-------+----------+-------------------------------------------
     0 | D:1      | qw the Naga Hunter began the quest for the Orb.
     0 | D:1      | Reached XP level 1. HP: 19/19 MP: 1/1
     0 | D:1      | 0 ||| qw: Version: 0.3-a-5-g6f28e65
     0 | D:1      | 0 ||| qw: Game counter: 500
     0 | D:1      | 0 ||| qw: Always use a shield: true
     0 | D:1      | 0 ||| qw: God list: Okawaru
     0 | D:1      | 0 ||| qw: Allow faded altars: false
     0 | D:1      | 0 ||| qw: Do Orc after D:15 true
     0 | D:1      | 0 ||| qw: Do second Lair branch before Depths: true
     0 | D:1      | 0 ||| qw: Lair rune preference: random
     0 | D:1      | 0 ||| qw: Plans: Normal
     0 | D:1      | 0 ||| PLANNING D:1-11
   120 | D:1      | 120 ||| INVOKING Spit Poison.
   162 | D:1      | 162 ||| INVOKING Spit Poison.
   164 | D:1      | Reached skill level 4 in Ranged Weapons
   164 | D:1      | Reached XP level 2. HP: 26/26 MP: 2/2
   291 | D:1      | 291 ||| INVOKING Spit Poison.
   350 | D:1      | 350 ||| INVOKING Spit Poison.
   370 | D:1      | 370 ||| INVOKING Spit Poison.
   379 | D:1      | 379 ||| INVOKING Spit Poison.
   440 | D:1      | 440 ||| INVOKING Spit Poison.
   448 | D:1      | 448 ||| INVOKING Spit Poison.
   591 | D:1      | 591 ||| INVOKING Spit Poison.
   635 | D:1      | 635 ||| INVOKING Spit Poison.
   677 | D:1      | 677 ||| INVOKING Spit Poison.
   873 | D:1      | 873 ||| UPGRADING to +0 pair of gloves.
   878 | D:1      | 878 ||| READING scroll labelled QOGHOUTT AHENT.
   879 | D:1      | 879 ||| READING scroll labelled PONUKE MEXTU.
   880 | D:1      | 880 ||| READING scroll labelled HYWIALOEQO.
   881 | D:1      | 881 ||| DRINKING 2 white potions.
   912 | D:1      | 912 ||| DRINKING 2 emerald potions.
   913 | D:1      | 913 ||| DROPPING scroll of butterflies.
   914 | D:1      | 914 ||| DROPPING potion of lignification.
   986 | D:2      | 986 ||| INVOKING Spit Poison.
  1006 | D:2      | 1006 ||| INVOKING Spit Poison.
  1009 | D:2      | 1009 ||| FLEEEEING.
  1010 | D:2      | 1010 ||| FLEEEEING.
  1015 | D:2      | 1015 ||| FLEEEEING.
  1016 | D:2      | 1016 ||| FLEEEEING.
  1017 | D:2      | 1017 ||| FLEEEEING.
  1018 | D:2      | 1018 ||| FLEEEEING.
  1019 | D:2      | 1019 ||| FLEEEEING.
  1020 | D:2      | 1020 ||| FLEEEEING.
  1021 | D:2      | 1021 ||| STAIRDANCE
  1049 | D:1      | 1049 ||| READING scroll labelled KOTIOW NUNWE.
  1152 | D:2      | 1152 ||| STAIRDANCE
  1168 | D:2      | 1168 ||| FLEEEEING.
  1169 | D:2      | 1169 ||| STAIRDANCE
  1186 | D:2      | 1186 ||| INVOKING Spit Poison.
  1187 | D:2      | 1187 ||| INVOKING Spit Poison.
  1188 | D:2      | Reached XP level 3. HP: 32/32 MP: 3/3
  1218 | D:2      | 1218 ||| INVOKING Spit Poison.
  1230 | D:2      | 1230 ||| INVOKING Spit Poison.
  1252 | D:2      | 1252 ||| INVOKING Spit Poison.
  1263 | D:2      | 1263 ||| INVOKING Spit Poison.
  1486 | D:2      | 1486 ||| INVOKING Spit Poison.
  1492 | D:2      | 1492 ||| INVOKING Spit Poison.
  1496 | D:2      | 1496 ||| INVOKING Spit Poison.
  1497 | D:2      | 1497 ||| INVOKING Spit Poison.
  1501 | D:2      | 1501 ||| INVOKING Spit Poison.
  1507 | D:2      | 1507 ||| INVOKING Spit Poison.
  1624 | D:3      | 1624 ||| INVOKING Spit Poison.
  1655 | D:3      | 1655 ||| INVOKING Spit Poison.
  1663 | D:3      | 1663 ||| INVOKING Spit Poison.
  1682 | D:3      | 1682 ||| INVOKING Spit Poison.
  1766 | D:3      | 1766 ||| INVOKING Spit Poison.
  1770 | D:3      | 1770 ||| INVOKING Spit Poison.
  1773 | D:3      | Reached skill level 5 in Ranged Weapons
  1773 | D:3      | Reached XP level 4. HP: 20/39 MP: 4/4
  1826 | D:3      | 1826 ||| FLEEEEING.
  1827 | D:3      | 1827 ||| FLEEEEING.
  1828 | D:3      | 1828 ||| FLEEEEING.
  1829 | D:3      | 1829 ||| FLEEEEING.
  1830 | D:3      | 1830 ||| FLEEEEING.
  1831 | D:3      | 1831 ||| FLEEEEING.
  1832 | D:3      | 1832 ||| FLEEEEING.
  1833 | D:3      | 1833 ||| STAIRDANCE
  1863 | D:2      | 1863 ||| UPGRADING to amulet of guardian spirit.
  1870 | D:3      | 1870 ||| STAIRDANCE
  1906 | D:3      | 1906 ||| INVOKING Spit Poison.
  2008 | D:3      | 2008 ||| INVOKING Spit Poison.
  2031 | D:3      | 2031 ||| INVOKING Spit Poison.
  2143 | D:3      | 2143 ||| INVOKING Spit Poison.
  2243 | D:3      | 2243 ||| INVOKING Spit Poison.
  2325 | D:4      | 2325 ||| INVOKING Spit Poison.
  2351 | D:4      | 2351 ||| INVOKING Spit Poison.
  2356 | D:4      | 2356 ||| INVOKING Spit Poison.
  2426 | D:4      | 2426 ||| INVOKING Spit Poison.
  2432 | D:4      | 2432 ||| INVOKING Spit Poison.
  2439 | D:4      | 2439 ||| INVOKING Spit Poison.
  2442 | D:4      | 2442 ||| INVOKING Spit Poison.
  2446 | D:4      | 2446 ||| INVOKING Spit Poison.
  2453 | D:4      | 2453 ||| INVOKING Spit Poison.
  2454 | D:4      | 2454 ||| INVOKING Spit Poison.
  2459 | D:4      | 2459 ||| INVOKING Spit Poison.
  2625 | D:4      | Found a white marble altar of Elyvilon.
  2663 | D:4      | 2663 ||| INVOKING Spit Poison.
  2770 | D:4      | Found an ornate altar of the Wu Jian Council.
  2843 | D:4      | Found a basalt altar of Yredelemnul.
  2892 | D:4      | Noticed a scorpion
  2893 | D:4      | 2893 ||| INVOKING Spit Poison.
  2896 | D:4      | Killed a scorpion
  2897 | D:4      | Reached skill level 3 in Fighting
  2897 | D:4      | Reached XP level 5. HP: 46/50 MP: 5/5
  2938 | D:4      | 2938 ||| INVOKING Spit Poison.
  2944 | D:4      | 2944 ||| INVOKING Spit Poison.
  3055 | D:4      | 3055 ||| READING scroll labelled POSTOI MYIFFE.
  3056 | D:4      | 3056 ||| DRINKING 2 bubbling green potions.
  3075 | D:5      | Entered Level 5 of the Dungeon
  3078 | D:5      | 3078 ||| INVOKING Spit Poison.
  3082 | D:5      | 3082 ||| INVOKING Spit Poison.
  3083 | D:5      | 3083 ||| STAIRDANCE
  3085 | D:4      | 3085 ||| INVOKING Spit Poison.
  3086 | D:4      | 3086 ||| INVOKING Spit Poison.
  3087 | D:4      | Reached XP level 6. HP: 44/57 MP: 4/6
  3158 | D:5      | 3158 ||| INVOKING Spit Poison.
  3165 | D:5      | 3165 ||| INVOKING Spit Poison.
  3218 | D:5      | Found a staircase to the Ecumenical Temple.
  3219 | D:5      | 3219 ||| PLANNING TEMPLE
  3219 | D:5      | 3219 ||| READING scroll labelled DIDDOO RIKE.
  3223 | D:5      | 3223 ||| INVOKING Spit Poison.
  3226 | D:5      | 3226 ||| INVOKING Spit Poison.
  3231 | D:5      | 3231 ||| INVOKING Spit Poison.
  3232 | D:5      | Reached skill level 6 in Ranged Weapons
  3272 | Temple   | Entered the Ecumenical Temple
  3273 | Temple   | 3273 ||| PLANNING OKAWARU WORSHIP
  3451 | Temple   | Became a worshipper of Warmaster Okawaru
  3452 | Temple   | 3452 ||| PLANNING D:1-11
  3452 | Temple   | 3452 ||| REMOVING amulet of guardian spirit.
  3457 | Temple   | 3457 ||| DROPPING amulet of guardian spirit.
  3478 | D:5      | 3478 ||| INVOKING Spit Poison.
  3493 | D:5      | 3493 ||| INVOKING Spit Poison.
  3503 | D:5      | 3503 ||| INVOKING Spit Poison.
  3508 | D:5      | 3508 ||| INVOKING Spit Poison.
  3641 | D:5      | 3641 ||| INVOKING Spit Poison.
  3645 | D:5      | 3645 ||| INVOKING Spit Poison.
  3658 | D:5      | 3658 ||| INVOKING Spit Poison.
  3760 | D:5      | 3760 ||| INVOKING Spit Poison.
  3826 | D:5      | Found a shimmering blue altar of Sif Muna.
  3973 | D:5      | 3973 ||| READING scroll labelled ZIPEUL ETOMEIS.
  3974 | D:5      | 3974 ||| READING 2 scrolls of identify.
  3974 | D:5      | 3974 ||| IDENTIFYING sapphire potion
  3975 | D:5      | 3975 ||| DROPPING potion of degeneration.
  4143 | D:6      | 4143 ||| INVOKING Spit Poison.
  4146 | D:6      | 4146 ||| INVOKING Spit Poison.
  4151 | D:6      | Reached XP level 7. HP: 61/64 MP: 7/7
  4151 | D:6      | 4151 ||| INVOKING Spit Poison.
  4155 | D:6      | 4155 ||| INVOKING Spit Poison.
  4204 | D:6      | Noticed a steam dragon
  4207 | D:6      | 4207 ||| INVOKING Spit Poison.
  4214 | D:6      | 4214 ||| INVOKING Spit Poison.
  4216 | D:6      | Killed a steam dragon
  4217 | D:6      | Reached skill level 7 in Ranged Weapons
  4259 | D:6      | 4259 ||| INVOKING Spit Poison.
  4346 | D:6      | 4346 ||| SWAPPING to +0 orcbow.
  4347 | D:6      | 4347 ||| DROPPING +0 shortbow.
  4454 | D:6      | Identified the +11 long sword of Ravage {drain, Str+3
                  | Dex+4}
  4526 | D:6      | 4526 ||| INVOKING Spit Poison.
  4596 | D:6      | 4596 ||| INVOKING Spit Poison.
  4597 | D:6      | 4597 ||| Stepping ~*~*~tactically~*~*~ (outnumbered).
  4602 | D:6      | 4602 ||| INVOKING Spit Poison.
  4606 | D:6      | Noticed Blork the orc
  4610 | D:6      | 4610 ||| INVOKING Spit Poison.
  4614 | D:6      | 4614 ||| INVOKING Spit Poison.
  4615 | D:6      | Killed Blork the orc
  4687 | D:6      | 4687 ||| READING scroll of enchant armour.
  4687 | D:6      | 4687 ||| ENCHANTING +0 pair of gloves.
  5082 | D:6      | 5082 ||| UPGRADING to +0 steam dragon scales.
  5092 | D:6      | 5092 ||| DROPPING +0 leather armour.
  5093 | D:6      | 5093 ||| UPGRADING to +0 robe of resistance.
  5103 | D:6      | 5103 ||| READING scroll labelled ARRYID UTIPH.
  5104 | D:6      | 5104 ||| READING scroll labelled VEGONADYID.
  5207 | D:6      | 5207 ||| DRINKING 2 black potions.
  5286 | D:7      | 5286 ||| INVOKING Spit Poison.
  5302 | D:7      | 5302 ||| INVOKING Spit Poison.
  5321 | D:7      | Noticed a deep elf pyromancer
  5322 | D:7      | 5322 ||| INVOKING Spit Poison.
  5324 | D:7      | 5324 ||| Stepping ~*~*~tactically~*~*~ (outnumbered).
  5326 | D:7      | 5326 ||| INVOKING Spit Poison.
  5329 | D:7      | 5329 ||| INVOKING Spit Poison.
  5330 | D:7      | Reached * piety under Okawaru
  5331 | D:7      | Reached skill level 8 in Ranged Weapons
  5331 | D:7      | Reached XP level 8. HP: 69/72 MP: 8/8
  5336 | D:7      | 5336 ||| INVOKING Spit Poison.
  5339 | D:7      | 5339 ||| INVOKING Spit Poison.
  5343 | D:7      | Noticed a two-headed ogre
  5344 | D:7      | Reached skill level 1 in Invocations
  5344 | D:7      | 5344 ||| INVOKING Heroism.
  5345 | D:7      | 5345 ||| INVOKING Spit Poison.
  5349 | D:7      | HP: 17/73 [two-headed ogre/+0 dire flail (9)]
  5350 | D:7      | 5350 ||| DRINKING 2 potions of heal wounds.
  5351 | D:7      | HP: 5/73 [two-headed ogre/+0 dire flail (21)]
  5352 | D:7      | 5352 ||| DRINKING potion of heal wounds.
  5353 | D:7      | 5353 ||| INVOKING Spit Poison.
  5354 | D:7      | HP: 1/73 [two-headed ogre/+0 dire flail (24)]
  5357 | D:7      | Mangled by a two-headed ogre

Levels and vault maps discovered:
D:1:      dpeg_arrival_castle, layout_basic, serial_forest,
          infiniplex_forest_corner_1, infiniplex_forest_end_double,
          infiniplex_forest_lined_3_way, infiniplex_forest_lined_2,
          infiniplex_forest_clump_small, infiniplex_forest_lined_room_3,
          infiniplex_forest_clump_tiny, minivault_19, grunt_decor_cap
D:2:      layout_basic
D:3:      layout_basic, roderic_roman_lattice, minmay_misc_feat_plants,
          st_stairs_6
D:4:      layout_basic, kennysheep_ying_yang, lemuel_round_altar
D:5:      layout_basic, mainiacjoe_overflow_alcove_4, minmay_temple_entry_glass
D:6:      layout_basic, uniq_blork_the_orc
D:7:      minmay_the_grid_octo_tiled_squarecenter [minmay_the_grid_octo_toaster,
          minmay_the_grid_octo_fan_narrow, minmay_the_grid_octo_checkerflower,
          minmay_the_grid_octo_concentric,
          minmay_the_grid_square_5x5_megaprize_open,
          minmay_the_grid_square_5x5_inner_i, minmay_the_grid_square_5x5_lines,
          minmay_the_grid_square_5x5_checkered_statues,
          minmay_the_grid_square_5x5_tri_point], layout_basic, hex_intersection
Temple:   nicolae_temple_bog_church

Skill      XL: |  1  2  3  4  5  6  7  8 |
---------------+-------------------------+-----
Ranged Weapons | 4 5 6 8 |  8.0
Fighting       | 3 4 |  4.5
Dodging        | 2 |  2.2
Invocations    | 1 |  1.5
Stealth        | |  1.5

Action                     |  1- 3 |  4- 6 |  7- 9 || total
---------------------------+-------+-------+-------++-------
   Fire: Shortbow          |    79 |   104 |    17 ||   200
         Orcbow            |       |       |    38 ||    38
 Invoke: Heroism           |       |       |     1 ||     1
Ability: Spit Poison       |    29 |    37 |    19 ||    85
    Use: Scroll            |     4 |     4 |     3 ||    11
         Potion            |     2 |     1 |     3 ||     6
 Armour: Leather armour    |    27 |    34 |     4 ||    65
         Robe              |       |       |     2 ||     2
  Dodge: Dodged            |    28 |    43 |    18 ||    89

Table legend:
 A = Non-vault XP
 B = Vault XP
 C = Vault XP percentage of total XP
 D = Non-vault monster count
 E = Vault monster count
 F = Vault count percentage of total count
                 A         B        C        D         E       F
            +---------+---------+-------+---------+---------+-------
      Total |    1049 |     332 |  24.0 |      78 |       7 |   8.2
            +---------+---------+-------+---------+---------+-------
        D:1 |      27 |       0 |   0.0 |      19 |       0 |   0.0
        D:2 |      45 |       0 |   0.0 |      13 |       0 |   0.0
        D:3 |      35 |       2 |   5.4 |      13 |       1 |   7.1
        D:4 |     221 |       0 |   0.0 |      16 |       0 |   0.0
        D:5 |     266 |       0 |   0.0 |       8 |       0 |   0.0
        D:6 |     447 |      94 |  17.4 |       8 |       1 |  11.1
        D:7 |       8 |     236 |  96.7 |       1 |       5 |  83.3
            +---------+---------+-------+---------+---------+-------
